 Dungeon Crawl Stone Soup version 0.27-a0-522-g46bbb28828 (webtiles) character file.

Game seed: 9299736012885043958

7765 gruber the Whirler (level 11, -5/62 (64) HPs)
             Began as a Halfling Hunter on Mar 4, 2021.
             Was a High Priest of Okawaru.
             Slain by a basilisk (8 damage)
             ... while petrified by a basilisk
             ... on level 10 of the Dungeon.
             The game lasted 00:14:05 (15648 turns).

gruber the Whirler (Halfling Hunter)               Turns: 15648, Time: 00:14:05

HP:   -5/62 (64)    AC:  7    Str: 13    XL:     11   Next: 43%
MP:   15/15         EV:  3    Int:  9    God:    Okawaru [*****.]
Gold: 477           SH:  0    Dex: 25    Spells: 10/10 levels left

rFire    . . .     SeeInvis .   a - +1 hunting sling
rCold    . . .     Faith    .   (shield restricted)
rNeg     + + +     Spirit   .   c - +0 leather armour
rPois    ∞         Reflect  .   t - +1 hat
rElec    .         Harm     .   (no cloak)
rCorr    .         Rampage  .   x - +2 pair of gloves {Stlth+}
Will     .....                  (no boots)
Stlth    ++........             (no amulet)
HPRegen  0.20/turn              p - +6 ring of dexterity
MPRegen  0.14/turn              h - +4 ring of evasion

@: petrified, lightly drained
A: small, mutation resistance 1
a: Renounce Religion, Heroism, Finesse


You were on level 10 of the Dungeon.
You worshipped Okawaru.
Okawaru was extremely pleased with you.
You visited 2 branches of the dungeon, and saw 11 of its levels.

You collected 709 gold pieces.
You spent 232 gold pieces at shops.

Inventory:

Hand Weapons
 a - a +1 hunting sling (weapon)
 g - a +2 short sword of electrocution
 m - a +2 vampiric whip
 s - a +3 dagger
Missiles
 d - 107 sling bullets (quivered ammo)
 e - 149 stones
Armour
 c - a +0 leather armour (worn)
 t - a +1 hat (worn)
 x - a +2 pair of gloves of stealth (worn)
Jewellery
 h - a +4 ring of evasion (right hand)
 p - a +6 ring of dexterity (left hand)
 B - a ring of magical power
 F - a ring of magical power
Wands
 y - a wand of polymorph (11)
 L - a wand of acid (9)
 M - a wand of digging (5)
 O - a wand of flame (21)
Scrolls
 f - a scroll of amnesia {unknown}
 k - 9 scrolls of identify {unknown}
 l - 6 scrolls of teleportation {unknown}
 n - 4 scrolls of random uselessness {unknown}
 o - 2 scrolls of enchant weapon {unknown}
 r - a scroll of magic mapping {unknown}
 A - 3 scrolls of enchant armour {unknown}
 C - a scroll of acquirement {unknown}
 D - 2 scrolls of silence {unknown}
 E - 2 scrolls of fog {unknown}
 G - a scroll of summoning {unknown}
 H - a scroll of blinking {unknown}
 J - a scroll of immolation {unknown}
 K - a scroll of noise {unknown}
Potions
 b - 5 potions of curing {unknown}
 i - 3 potions of cancellation {unknown}
 j - 4 potions of heal wounds
 q - a potion of degeneration {unknown}
 u - 2 potions of resistance {unknown}
 v - 2 potions of ambrosia {unknown}
 w - a potion of berserk rage {unknown}
 z - a potion of flight {unknown}
 I - 2 potions of mutation {unknown}
 N - a potion of invisibility {unknown}


   Skills:
 - Level 1.7 Fighting
 - Level 9.0 Short Blades
 * Level 18.8 Slings
 - Level 2.1 Dodging
 - Level 1.1 Stealth
 - Level 6.4 Invocations


You had 10 spell levels left.
You didn't know any spells.
Your spell library contained the following spells:

 Spells                   Type           Power        Failure   Level
 Sandblast                Erth           0%           45%         1
 Passwall                 Tmut/Erth      0%           61%         2
 Stone Arrow              Conj/Erth      0%           83%         3
 Petrify                  Tmut/Erth      0%           99%         4
 Bolt of Magma            Conj/Fire/Erth 0%           100%        5
 Iskenderun's Battlesphe  Conj           0%           100%        5
 Lee's Rapid Deconstruct  Erth           0%           100%        5
 Iron Shot                Conj/Erth      0%           100%        6
 Orb of Destruction       Conj           0%           100%        7
 Spellforged Servitor     Conj/Summ      0%           100%        7


Dungeon Overview and Level Annotations

Branches:
Dungeon (10/15)            Temple (1/1) D:4            Lair (0/6) D:10
    Orc: D:9-12

Altars:
Ashenzari
Cheibriados
Dithmenos
Elyvilon
Fedhas
Gozag
Hepliaklqana
Kikubaaqudgha
Makhleb
Nemelex Xobeh
Okawaru
Qazlal
Ru
Sif Muna
Trog
Uskayaw
Vehumet
Wu Jian
Xom
Yredelemnul
Zin
The Shining One
Lugonu

Shops:
D:5 *

Portals:
Abyss: D:1


Innate Abilities, Weirdness & Mutations

You are small and have problems with some larger weapons.
You are somewhat resistant to further mutation.


Message History

You are slowing down.
Unknown command.
Unknown command.
You shoot a sling bullet. The sling bullet hits the basilisk!
The basilisk is severely wounded.
The basilisk gazes at you. You resist with some effort.
You shoot a sling bullet.
The sling bullet hits the basilisk but does no damage.
The basilisk is severely wounded.
The basilisk bites you!
Your limbs are stiffening.
Unknown command.
You are too injured to fight recklessly!
Unknown command.
You are too injured to fight recklessly!
Unknown command.
You are too injured to fight recklessly!
Unknown command.
You are too injured to fight recklessly!
Unknown command.
Unknown command.
The basilisk bites you!!
* * * LOW HITPOINT WARNING * * *
You have turned to stone.
The basilisk bites you!
* * * LOW HITPOINT WARNING * * *
The basilisk gazes at you. You resist with some effort.
The basilisk barely misses you. The basilisk bites you!
* * * LOW HITPOINT WARNING * * *
The basilisk bites you but does no damage.
The basilisk bites you.
* * * LOW HITPOINT WARNING * * *
The basilisk bites you!
* * * LOW HITPOINT WARNING * * *
The basilisk gazes at you. You resist with some effort. The basilisk bites you!
You die...

#................#.............#
####.............#.............#
...#.............#.............#
...#.............#.............#
...#.............#...###'##....#
...#>............#...#....#.####
...###...........#...#....#.#
.....#.......#####...#....#.#
.....#.......#..@....'....#.#
.....#.......#..l....#....#.#
.....#.......#..(....######.#
(....###'##'##..(...........#
............................#
...............(............#
...............(............#
............[.(((.........).#
...................########.#


You could see a basilisk.

Vanquished Creatures
  Nergalle (D:10)
  Pikel (D:5)
  A hornet (D:10)
  Prince Ribbit (D:5)
  Sigmund (D:5)
  A wyvern (D:10)
  A yak (D:10)
  3 chaos spawn (D:8)
  Edmund (D:5)
  2 water moccasins (D:6)
  3 orc warriors
  4 ice beasts
  2 necrophages
  3 sky beasts
  An ogre (D:10)
  4 centaurs
  2 phantoms
  A kobold brigand (D:8)
  11 bullfrogs
  Blork the orc (D:5)
  A gnoll sergeant (D:6)
  A water moccasin zombie (D:6)
  4 scorpions
  8 wights (D:10)
  13 killer bees
  A howler monkey (D:6)
  3 jellies
  3 bullfrog zombies
  4 hounds
  5 orc priests
  A centaur skeleton (D:7)
  A gnoll shaman (D:6)
  3 bullfrog skeletons
  5 iguanas
  11 orc wizards
  4 worker ants
  2 hound zombies
  A hound skeleton (D:6)
  Robin (D:2)
  9 gnolls
  7 adders
  A white imp (D:6)
  An ufetubus (D:9)
  2 adder skeletons
  3 worms
  8 leopard geckos
  39 orcs
  4 giant cockroaches
  18 goblins
  17 hobgoblins
  4 jackals (D:6)
  5 quokkas
  4 bats
  6 frilled lizards
  12 kobolds
  A leopard gecko skeleton (D:5)
  A quokka zombie (D:8)
  5 rats
264 creatures vanquished.

Vanquished Creatures (others)
  A hornet (D:9)
  A wyvern (D:9)
  A kobold brigand (D:9)
  A killer bee (D:9)
  A gnoll (D:9)
  An adder (D:9)
  2 orcs
  A quokka (D:9)
9 creatures vanquished.

Grand Total: 273 creatures vanquished

Notes
Turn   | Place    | Note
-------+----------+-------------------------------------------
     0 | D:1      | gruber the Halfling Hunter began the quest for the Orb.
     0 | D:1      | Reached XP level 1. HP: 14/14 MP: 1/1
    46 | D:1      | Reached skill level 6 in Slings
   160 | D:1      | Reached XP level 2. HP: 19/19 MP: 2/2
   468 | D:1      | Reached skill level 7 in Slings
   468 | D:1      | Reached XP level 3. HP: 24/24 MP: 3/3
   768 | D:1      | Found a corrupted altar of Lugonu.
   768 | D:1      | Found a one-way gate to the infinite horrors of the Abyss.
   769 | D:1      | Noticed a demonic crawler
  1278 | D:2      | Noticed Robin
  1305 | D:2      | Killed Robin
  1306 | D:2      | Reached XP level 4. HP: 4/29 MP: 4/4
  1691 | D:2      | Reached skill level 8 in Slings
  1738 | D:2      | Found a shadowy altar of Dithmenos.
  2357 | D:2      | Found a faded altar of an unknown god.
  2587 | D:3      | Reached XP level 5. HP: 34/34 MP: 5/5
  2867 | D:3      | Reached skill level 9 in Slings
  3718 | D:4      | Reached XP level 6. HP: 35/39 MP: 6/6
  3970 | D:4      | Reached skill level 10 in Slings
  4359 | D:4      | Found a bloodstained altar of Trog.
  4448 | D:4      | Found a staircase to the Ecumenical Temple.
  4608 | Temple   | Entered the Ecumenical Temple
  4713 | Temple   | Became a worshipper of Warmaster Okawaru
  4760 | D:5      | Entered Level 5 of the Dungeon
  4803 | D:5      | Noticed Blork the orc
  5248 | D:5      | Found Tyefoc's Assorted Antiques.
  5482 | D:4      | Reached skill level 1 in Short Blades
  6406 | D:5      | HP: 1/39 [centaur (8)]
  6411 | D:5      | Reached XP level 7. HP: 16/44 MP: 7/7
  6619 | D:5      | Bought a pair of runed gloves for 232 gold pieces
  6710 | D:5      | Killed Blork the orc
  6715 | D:5      | Reached * piety under Okawaru
  6724 | D:5      | Noticed Sigmund
  6728 | D:5      | Reached skill level 5 in Short Blades
  6736 | D:5      | Killed Sigmund
  6737 | D:5      | Reached XP level 8. HP: 38/49 MP: 8/8
  6816 | D:5      | Noticed Edmund
  6825 | D:5      | Killed Edmund
  7384 | D:5      | Noticed Prince Ribbit
  7397 | D:5      | Killed Prince Ribbit
  7397 | D:5      | Reached ** piety under Okawaru
  7702 | D:6      | Reached skill level 1 in Invocations
  7860 | D:6      | Noticed Pikel
  7895 | D:5      | Killed Pikel
  7895 | D:5      | Reached *** piety under Okawaru
  7896 | D:5      | Reached XP level 9. HP: 10/54 MP: 10/13
  8275 | D:6      | Reached skill level 11 in Slings
  8721 | D:6      | Reached skill level 12 in Slings
  8982 | D:6      | Received a gift from Okawaru
  9324 | D:6      | Found a hazy altar of Hepliaklqana.
  9384 | D:7      | Reached skill level 13 in Slings
  9439 | D:7      | Reached XP level 10. HP: 60/60 MP: 14/14
  9642 | D:7      | Reached **** piety under Okawaru
  9642 | D:7      | Received a gift from Okawaru
  9884 | D:7      | Reached skill level 14 in Slings
 10037 | D:7      | Found a sacrificial altar of Ru.
 10284 | D:7      | Reached skill level 15 in Slings
 10971 | D:8      | Received a gift from Okawaru
 11497 | D:9      | Found a blossoming altar of Fedhas.
 11984 | D:9      | Found a glowing golden altar of the Shining One.
 12063 | D:8      | Received a gift from Okawaru
 12064 | D:8      | Reached skill level 16 in Slings
 12368 | D:8      | Found an iron altar of Okawaru.
 12566 | D:8      | Found a shimmering altar of Xom.
 12567 | D:8      | Found the +7 mace of Variability {chain chaos}
 12636 | D:9      | Reached ***** piety under Okawaru
 12801 | D:9      | Found a shimmering altar of Xom.
 13328 | D:10     | Entered Level 10 of the Dungeon
 13345 | D:10     | Reached XP level 11. HP: 64/64 MP: 15/15
 13360 | D:10     | Reached skill level 17 in Slings
 14160 | D:10     | HP: 2/64 [killer bee (6)]
 14635 | D:9      | Reached skill level 18 in Slings
 14980 | D:10     | Noticed Nergalle
 15008 | D:10     | Killed Nergalle
 15491 | D:10     | Found a staircase to the Lair.
 15512 | D:10     | Received a gift from Okawaru
 15646 | D:10     | HP: 2/62 [basilisk (4)]
 15648 | D:10     | Slain by a basilisk

Illustrated notes

Levels and vault maps discovered:
D:1:      erik_arrival_cave_to_civilisation [erik_arrival_cave_to_temple],
          layout_loops_ring
D:2:      layout_basic, grunt_dithmenos_smoke_and_mirrors,
          chequers_ecumenical_altar_grove, serial_glass, glass_columns_a,
          glass_columns_a, minmay_strange_pillars, uniq_robin
D:3:      layout_loops_ring
D:4:      layout_basic, lightli_temple_of_fire,
          minmay_temple_entry_enclosed_plants, minmay_goblin_kobold_house
D:5:      layout_cave_pools, serial_shops, shop_fountains, uniq_prince_ribbit1,
          uniq_edmund, uniq_blork_the_orc, uniq_sigmund
D:6:      layout_cave_pools, nzn_hepliaklqana_mist_gate, uniq_pikel
D:7:      layout_loops_cross, lemuel_crystal_altar
D:8:      layout_basic, basic_altar, minmay_guarded_unrand_variability
D:9:      layout_loops_corners, lemuel_crystal_altar, lemuel_crystal_altar,
          xom_confusion_cloud
D:10:     layout_irregular_city, david_lair_generic, trog_wizard, uniq_nergalle
Temple:   lightli_temple_of_artemis

Skill      XL: |  1  2  3  4  5  6  7  8  9 10 11 |
---------------+----------------------------------+-----
Slings         | 6 7 8 9 10 13 16 18 | 18.8
Short Blades   | 3 6 9 |  9.0
Invocations    | 6 |  6.4
Fighting       | |  1.7
Dodging        | |  2.1
Stealth        | |  1.1

Action                   |  1- 3 |  4- 6 |  7- 9 | 10-12 || total
-------------------------+-------+-------+-------+-------++-------
Melee: Unarmed           |     8 |     1 |       |       ||     9
       Dagger            |       |    24 |       |       ||    24
       Short sword       |       |    31 |    58 |    82 ||   171
       Whip              |       |     3 |       |       ||     3
       Punch             |       |       |       |     2 ||     2
       Hunting sling     |       |       |       |     1 ||     1
 Fire: Hunting sling     |    85 |   199 |   324 |   751 ||  1359
Throw: Stone             |       |    10 |       |       ||    10
Invok: Heroism           |       |       |     2 |     4 ||     6
       Finesse           |       |       |       |     1 ||     1
  Use: Potion            |     2 |     1 |       |     1 ||     4
 Stab: Sleeping          |       |       |     1 |       ||     1
Armor: Leather armour    |     6 |    11 |    22 |    39 ||    78
       Skin              |    10 |       |       |       ||    10
Dodge: Dodged            |    15 |    84 |   135 |   271 ||   505

Table legend: (Time is in decaauts)
 A = Elapsed time spent in this place.
 B = Non-inter-level travel time spent in this place.
 C = Inter-level travel time spent in this place.
 D = Time resting spent in this place.
 E = Time spent auto-exploring this place.
 F = Levels seen in this place.
 G = Mean time per level.
                   A        B        C        D        E       F      G
               +--------+--------+--------+--------+--------+-----+--------+
         Total |  15121 |  14530 |    591 |   1667 |  10887 |  11 | 1374.6 |
       Dungeon |  14995 |  14425 |    570 |   1667 |  10794 |  10 | 1499.5 |
        Temple |    125 |    105 |     20 |      0 |     93 |   1 |  125.0 |
               +--------+--------+--------+--------+--------+-----+--------+

Top non-repeatable levels by time:
     D:4: 2725 daAuts
     D:9: 1950 daAuts
    D:10: 1875 daAuts
     D:2: 1602 daAuts
     D:5: 1567 daAuts
     D:7: 1193 daAuts
     D:6: 1132 daAuts
     D:3: 1086 daAuts
     D:1: 935 daAuts
     D:8: 926 daAuts
  Temple: 125 daAuts
